 Dungeon Crawl Stone Soup version 0.29-a0-1043-g569b05d6ff (webtiles) character file.

Game seed: 3664375992771761951

9486 Zeldest the Grave Robber (level 11, -10/83 HPs)
             Began as a Mummy Summoner on Aug 15, 2022.
             Was an Elder of Fedhas.
             Mangled by a two-headed ogre
             ... wielding a +0 giant club
              (16 damage)
             ... on level 10 of the Dungeon.
             The game lasted 00:51:53 (15482 turns).

Zeldest the Grave Robber (Mummy Summoner)          Turns: 15482, Time: 00:51:53

Health: -10/83     AC: 10    Str: 12    XL:     11   Next: 23%
Magic:  9/17       EV:  9    Int: 21    God:    Fedhas [****..]
Gold:   790        SH: 10    Dex: 13    Spells: 2/18 levels left

rFire   + . .      SeeInvis .   z - +2 dagger (elec)
rCold   + + +      Faith    +   f - +2 shield of Resistance {rF++ rC++ Will++}
rNeg    + + +      Spirit   .   y - +0 acid dragon scales
rPois   ∞          Reflect  .   d - +0 helmet
rElec   .          Harm     .   k - +2 cloak {Will+}
rCorr   +          Rampage  .   (no gloves)
Will    ++++.                   (no boots)
Stlth   +.........              g - amulet of faith
HPRegen 0.23/turn               v - ring "Ipsec" {rCorr Int+3}
MPRegen 0.15/turn               (no ring)

@: no status effects
A: cold resistance 1, negative energy resistance 3, torment resistance 2, heat
vulnerability 1, in touch with death 1, no potions
a: Renounce Religion, Wall of Briars, Grow Ballistomycete, Overgrow


You were on level 10 of the Dungeon.
You worshipped Fedhas.
Fedhas was greatly pleased with you.
You visited 1 branch of the dungeon, and saw 10 of its levels.
You also visited: Ossuary and Bailey.

You collected 790 gold pieces.

Inventory:

Hand Weapons
 b - a +4 spear
 z - a +2 dagger of electrocution (weapon)
Missiles
 o - a throwing net
Armour
 d - a +0 helmet (worn)
 f - the +2 shield of Resistance (worn) {rF++ rC++ Will++}
   (You acquired it on level 9 of the Dungeon)

   rF:        It greatly protects you from fire.
   rC:        It greatly protects you from cold.
   Will:      It greatly increases your willpower.
 k - a +2 cloak of willpower (worn)
 y - +0 acid dragon scales (worn)
Magical Staves
 a - a staff of death
Jewellery
 g - an amulet of faith (around neck)
 v - the ring "Ipsec" (left hand) {rCorr Int+3}
   (You took it off an orc in a bailey)

   [ring of resist corrosion]

   Int:       It affects your intelligence (+3).
   rCorr:     It protects you from acid and corrosion.
Wands
 c - a wand of digging (5)
 j - a wand of paralysis (12)
 x - a wand of light (6)
Scrolls
 e - 2 scrolls of teleportation
 h - 3 scrolls of amnesia
 i - 2 scrolls of brand weapon
 l - 3 scrolls of magic mapping
 m - a scroll of vulnerability {unknown}
 n - 2 scrolls of enchant weapon
 p - 2 scrolls of fear {unknown}
 q - 3 scrolls of enchant armour
 r - 2 scrolls of butterflies
 t - a scroll of silence {unknown}
 u - a scroll of immolation {unknown}
 w - a scroll of noise {unknown}


   Skills:
 - Level 6.7 Fighting
 - Level 1.5 Dodging
 - Level 1.5 Stealth
 * Level 2.2 Shields
 - Level 4.2 Spellcasting
 - Level 1.6 Hexes
 * Level 6.9 Summonings
 * Level 7.9 Necromancy
 - Level 6.5 Ice Magic
 - Level 3.4 Earth Magic
 + Level 6.1 Invocations


You had 2 spell levels left.
You knew the following spells:

 Your Spells              Type           Power      Damage    Failure   Level
a - Call Imp              Summ           33%        N/A       5%          2
c - Summon Guardian Gole  Hex/Summ       22%        N/A       30%         3
d - Call Canine Familiar  Summ           33%        N/A       11%         3
e - Vampiric Draining     Necr           54%        2d9       7%          3
f - Borgnjor's Vile Clut  Necr/Erth      21%        N/A       83%         5

Your spell library contained the following spells:

 Spells                   Type           Power      Damage    Failure   Level
 Necrotise                Necr           100%       1d9       2%          1
 Summon Small Mammal      Summ           100%       N/A       3%          1
 Apportation              Tloc           8%         N/A       52%         1
 Magic Dart               Conj           16%        1d3       52%         1
 Shock                    Conj/Air       16%        1d4       52%         1
 Animate Dead             Necr           54%        N/A       22%         4
 Agony                    Necr           54%        N/A       54%         5
 Animate Armour           Summ/Erth      52%        N/A       56%         4
 Stone Arrow              Conj/Erth      22%        3d8       65%         3
 Summon Lightning Spire   Summ/Air       19%        N/A       80%         4
 Conjure Flame            Conj/Fire      4%         6-21      87%         3
 Ignite Poison            Fire/Tmut/Pois 4%         N/A       87%         3
 Mephitic Cloud           Conj/Pois/Air  4%         N/A       87%         3
 Summon Mana Viper        Hex/Summ       22%        N/A       95%         5
 Petrify                  Tmut/Erth      11%        N/A       96%         4
 Metabolic Englaciation   Hex/Ice        10%        N/A       96%         5
 Summon Forest            Summ/Tloc      9%         N/A       98%         5
 Sticky Flame             Conj/Fire      4%         2d3       99%         4
 Simulacrum               Ice/Necr       25%        N/A       99%         6
 Summon Cactus Giant      Summ           16%        N/A       99%         6
 Alistair's Intoxication  Tmut/Pois      2%         N/A       100%        5
 Fireball                 Conj/Fire      2%         3d4       100%        5
 Freezing Cloud           Conj/Ice/Air   6%         6-21      100%        5
 Irradiate                Conj/Tmut      2%         3d12      100%        5
 Eringya's Noxious Bog    Tmut/Pois      2%         N/A       100%        6
 Haunt                    Necr/Summ      26%        N/A       100%        7
 Infestation              Necr           27%        N/A       100%        8
 Lehudib's Crystal Spear  Conj/Erth      5%         10d3      100%        8
 Polar Vortex             Ice            16%        N/A       100%        9
 Statue Form              Tmut/Erth      Unusable   N/A       N/A         6

Dungeon Overview and Level Annotations

Branches:
Dungeon (10/15)            Temple (0/1) D:6         Ossuary (visited)
 Bailey (visited)
   Lair: D:8-11         Orc: D:9-12

Altars:
Ashenzari
Fedhas
Gozag
Kikubaaqudgha
Qazlal
Sif Muna
Trog
Uskayaw
Vehumet
Xom

Shops:
D:4 (   D:6 *   D:10 *


Innate Abilities, Weirdness & Mutations

You are immune to poison.
Your flesh is cold resistant. (rC+)
You are immune to negative energy. (rN+++)
You are immune to unholy pain and torment.
You are vulnerable to heat. (rF-)
You are in touch with the powers of death.
You do not drink.


Message History

The two-headed ogre is lightly wounded.
You hear the crackle of electricity.
z - a +2 dagger of electrocution (weapon)
The helpless two-headed ogre fails to defend itself.
You puncture the two-headed ogre!
Lightning courses through the two-headed ogre!
The two-headed ogre is heavily wounded.
The two-headed ogre is no longer paralysed.
The two-headed ogre barely misses you. The two-headed ogre closely misses you.
You hit the two-headed ogre.
The two-headed ogre is heavily wounded.
You block the two-headed ogre's attack. The two-headed ogre barely misses you.
You hit the two-headed ogre.
The two-headed ogre is heavily wounded.
The two-headed ogre hits you but does no damage.
You block the two-headed ogre's attack.
You hit the two-headed ogre.
The two-headed ogre is heavily wounded.
You block the two-headed ogre's attack. x2
You hit the two-headed ogre.
Lightning courses through the two-headed ogre!
The two-headed ogre is almost dead.
You hit the two-headed ogre but do no damage.
The two-headed ogre is almost dead.
The two-headed ogre hits you with a +0 giant club! x2
You hit the two-headed ogre.
The two-headed ogre is almost dead.
The two-headed ogre hits you with a +0 giant club!!
The two-headed ogre hits you with a +0 giant club!
* * * LOW HITPOINT WARNING * * *
Okay, then.
Casting: Call Canine Familiar (dangerous; 11% risk of failure)
Confirm with . or Enter, or press ? or * to list all spells.
Okay, then.
A briar patch grows up from the ground. x4
The two-headed ogre hits you with a +0 giant club!
* * * LOW HITPOINT WARNING * * *
The two-headed ogre hits you with a +0 giant club!
You die...
Fedhas appreciates your contribution to the ecosystem.

.........#
#..#
.........#
#..#
.........#
.........#
######..#
#..# #..#
#PP# #@P#
#OP# #..#
#..# #..#
#..# #(.#
#..# #..#


You could see a two-headed ogre (ally target).

Vanquished Creatures
  An orc warlord (Bailey)
  A two-headed ogre (D:9)
  A nameless horror (D:10)
  4 yaks (D:9)
  2 water moccasins
  An acid dragon (D:8)
  An orc warrior (Bailey)
  A sky beast (D:8)
  2 centaurs
  A necrophage (D:6)
  2 scorpions
  3 killer bees (D:9)
  A howler monkey (D:9)
  A human zombie (Ossuary)
  A jelly (D:7)
  4 orc priests
  An iguana (D:5)
  3 orc wizards
  A hound zombie (Ossuary)
  2 mummies (Ossuary)
  7 gnolls
  5 adders
  An ufetubus (D:6)
  A worm (D:3)
  3 dart slugs
  15 orcs
  3 ball pythons
  8 endoplasms
  A giant cockroach (D:1)
  8 goblins
  3 hobgoblins
  2 jackals (D:1)
  4 kobolds
  A quokka (D:2)
  3 bats (D:1)
  3 frilled lizards
102 creatures vanquished.

Vanquished Creatures (collateral kills)
  A two-headed ogre (D:8)
  A centaur (D:5)
  3 phantoms
  A wight (D:6)
  5 hounds
  3 iguanas
  7 orc wizards
  3 mummies
  An adder (D:4)
  5 gnolls
  A dart slug (D:1)
  19 orcs
  4 ball pythons
  4 endoplasms
  A giant cockroach (D:1)
  7 goblins
  5 hobgoblins
  3 jackals (D:1)
  5 kobolds
  A quokka (D:1)
  A hobgoblin zombie (Ossuary)
  2 rats (D:2)
  12 ballistomycete spores (D:9)
95 creatures vanquished.

Vanquished Creatures (others)
  A two-headed ogre (D:8)
  8 yaks
  2 steam dragons
  3 water moccasins
  9 orc warriors (Bailey)
  A sky beast (D:7)
  A kobold brigand (D:8)
  2 elf zombies (Ossuary)
  A gnoll sergeant (D:10)
  9 wights
  2 killer bees (D:9)
  3 gnoll boudas
  A hound (D:6)
  An orc priest (D:6)
  Crazy Yiuf (D:3)
  Ijyb (D:3)
  An iguana (D:6)
  An orc wizard (D:4)
  2 hound zombies (Ossuary)
  11 gnolls
  An adder (D:4)
  A shadow imp (D:6)
  7 orcs
  A gnoll zombie (Ossuary)
  2 goblins (Bailey)
  2 hobgoblins (Bailey)
  A jackal zombie (Ossuary)
  A kobold zombie (Ossuary)
  2 rat zombies (Ossuary)
79 creatures vanquished.

Grand Total: 276 creatures vanquished

Notes
Turn   | Place    | Note
-------+----------+-------------------------------------------
     0 | D:1      | Zeldest the Mummy Summoner began the quest for the Orb.
     0 | D:1      | Reached XP level 1. HP: 13/13 MP: 4/4
   169 | D:1      | Reached XP level 2. HP: 19/20 MP: 2/5
   172 | D:1      | Learned a level 2 spell: Call Imp
   303 | D:1      | Reached skill level 1 in Fighting
   736 | D:1      | Gained mutation: You are in touch with the powers of death.
                  | [Mummy growth]
   736 | D:1      | Reached XP level 3. HP: 26/26 MP: 5/7
  1298 | D:1      | Reached skill level 1 in Ice Magic
  1856 | D:2      | Got Vehumet's Handbook of Blasting
  1985 | D:2      | Reached XP level 4. HP: 32/32 MP: 3/9
  2254 | D:3      | Found a faded altar of an unknown god.
  2343 | D:3      | Noticed a water moccasin
  2404 | D:3      | Learned a level 3 spell: Summon Guardian Golem
  2479 | D:3      | Killed a water moccasin
  2480 | D:3      | Reached XP level 5. HP: 38/38 MP: 6/11
  2854 | D:3      | Noticed Ijyb
  2884 | D:3      | Killed Ijyb
  3251 | D:3      | Found a runed translucent door.
  3252 | D:3      | Noticed Crazy Yiuf
  3824 | D:3      | Killed Crazy Yiuf
  3825 | D:3      | Reached XP level 6. HP: 46/46 MP: 7/12
  3951 | D:4      | Found a stormy altar of Qazlal.
  3951 | D:4      | Found Fuhaonu's Weapon Shoppe.
  4304 | D:4      | Found a sand-covered staircase.
  4393 | Ossuary  | Entered an ossuary
  4411 | Ossuary  | Reached skill level 1 in Hexes
  4417 | Ossuary  | Reached XP level 7. HP: 33/52 MP: 7/13
  4624 | Ossuary  | Learned a level 3 spell: Call Canine Familiar
  4862 | D:4      | Found a shimmering altar of Xom.
  5065 | D:4      | Found a shimmering blue altar of Sif Muna.
  5413 | D:4      | Reached skill level 1 in Necromancy
  5441 | D:4      | Found an ancient bone altar of Kikubaaqudgha.
  5508 | D:4      | Got Sif Muna's Incunabulum of Rallying
  5518 | D:4      | Found a radiant altar of Vehumet.
  5842 | D:5      | Entered Level 5 of the Dungeon
  6010 | D:5      | Reached skill level 5 in Summonings
  6010 | D:5      | Reached skill level 2 in Necromancy
  6010 | D:5      | Reached XP level 8. HP: 48/60 MP: 3/14
  6994 | D:5      | Reached skill level 3 in Necromancy
  7498 | D:5      | Found an opulent altar of Gozag.
  7545 | D:5      | Found a blossoming altar of Fedhas.
  7735 | D:5      | Became a worshipper of Fedhas Madash
  7902 | D:6      | Found Gotere's Gadget Gallery.
  7913 | D:6      | Identified the +1 scale mail of the Volcano {Harm rN+++
                  | MP-9 Dex-5}
  7967 | D:6      | Found a staircase to the Ecumenical Temple.
  7981 | D:6      | Found a broken altar of Ashenzari.
  8045 | D:6      | Reached skill level 5 in Fighting
  8194 | D:6      | Reached skill level 5 in Ice Magic
  8194 | D:6      | Reached skill level 1 in Invocations
  8236 | D:6      | Reached skill level 4 in Necromancy
  8236 | D:6      | Reached XP level 9. HP: 68/68 MP: 2/15
  8713 | D:6      | Reached * piety under Fedhas
  9002 | D:6      | Found the +8 trident of the Octopus King {venom, rElec
                  | rPois}
  9984 | D:7      | Found a flagged portal.
  9992 | Bailey   | Entered a bailey
 10193 | Bailey   | Reached ** piety under Fedhas
 10243 | Bailey   | Reached skill level 5 in Necromancy
 10632 | Bailey   | Identified the ring "Ipsec" {rCorr Int+3}
 10671 | Bailey   | Reached *** piety under Fedhas
 10835 | Bailey   | Learned a level 5 spell: Borgnjor's Vile Clutch
 10863 | Bailey   | Noticed an orc warlord
 10933 | Bailey   | Killed an orc warlord
 10934 | Bailey   | Reached skill level 6 in Necromancy
 10934 | Bailey   | Reached skill level 1 in Earth Magic
 10934 | Bailey   | Reached XP level 10. HP: 71/77 MP: 1/16
 11597 | D:7      | Found a hide-covered altar of Uskayaw.
 12129 | D:8      | Noticed a two-headed ogre
 12286 | D:8      | Reached **** piety under Fedhas
 12293 | D:8      | Killed a two-headed ogre
 12294 | D:8      | Reached skill level 5 in Invocations
 12929 | D:8      | Reached skill level 7 in Necromancy
 13190 | D:8      | Learned a level 3 spell: Vampiric Draining
 13202 | D:8      | Noticed a two-headed ogre
 13233 | D:8      | Killed a two-headed ogre
 13719 | D:9      | Identified 3 scrolls of acquirement
 13722 | D:9      | Acquired a book of Death
 13728 | D:9      | Acquired the +2 shield of Resistance {rF++ rC++ Will++}
 13728 | D:9      | Found the +2 shield of Resistance {rF++ rC++ Will++}
 13734 | D:9      | Acquired a book of the Wilderness
 14068 | D:9      | Reached skill level 1 in Shields
 14068 | D:9      | Reached XP level 11. HP: 83/83 MP: 13/17
 14301 | D:9      | Found a bloodstained altar of Trog.
 14464 | D:9      | Noticed a two-headed ogre
 14482 | D:9      | Killed a two-headed ogre
 14923 | D:10     | Entered Level 10 of the Dungeon
 14949 | D:10     | Identified the +0 ring mail of Perfidy {*Slow Fly rN+
                  | Will+}
 15226 | D:10     | Found Maphidi's Serpentskin Sales.
 15454 | D:10     | Noticed a two-headed ogre
 15482 | D:10     | Mangled by a two-headed ogre

Illustrated notes

Levels and vault maps discovered:
D:1:      psy_arrival_conway, layout_basic, minmay_heptomino_h4
D:2:      layout_basic, nicolae_eternal_life, kennysheep_flooded_box
D:3:      mumra_celtic_spiral_tile, layout_loops_ring,
          hellmonk_ecumenical_altar_leap_of_faith, uniq_ijyb,
          uniq_crazy_yiuf_cottage
D:4:      layout_basic, palyth_temple_overflow_mages,
          nicolae_qazlal_scattered_showers, xom_confusion_cloud, serial_shops,
          shop, gup_ossuary_entry_pyramid
D:5:      layout_basic, mainiacjoe_overflow_alcove_4, fedhas_altar_fruit_tree
D:6:      layout_layer_cave, nicolae_ashenzari_panopticon,
          gammafunk_temple_overflow_elements,
          minmay_temple_entry_enclosed_plants, nicolae_shop_gadgets
D:7:      layout_loops_ring, lemuel_crystal_altar, enter_bailey_2, hex_medium
D:8:      layout_basic, minmay_puff
D:9:      layout_roguey, kennysheep_mini_moat
D:10:     layout_long_grid, guppyfry_shop_venom, uniq_erolcha

Skill      XL: |  1  2  3  4  5  6  7  8  9 10 11 |
---------------+----------------------------------+-----
Spellcasting   | 3 4 |  4.2
Fighting       | 1 2 3 4 5 6 |  6.7
Ice Magic      | 1 2 3 4 5 6 |  6.5
Summonings     | 4 5 6 |  6.9
Hexes          | 1 |  1.6
Necromancy     | 2 4 6 7 |  7.9
Invocations    | 1 4 5 6 |  6.1
Earth Magic    | 1 3 |  3.4
Shields        | 1 2 |  2.2
Dodging        | |  1.5
Stealth        | |  1.5

Action                   |  1- 3 |  4- 6 |  7- 9 | 10-12 || total
-------------------------+-------+-------+-------+-------++-------
Melee: Hand axe          |    44 |       |       |       ||    44
       Unarmed           |     1 |       |       |       ||     1
       Punch             |     2 |       |     3 |       ||     5
       Dagger            |    12 |    67 |   182 |    87 ||   348
       Spear             |       |       |       |    15 ||    15
       Staff             |       |       |       |     1 ||     1
 Cast: Summon Small Mamm |    22 |    19 |    26 |     2 ||    69
       Call Imp          |    17 |    15 |    21 |     5 ||    58
       Summon Guardian G |       |     6 |    51 |    33 ||    90
       Call Canine Famil |       |       |    50 |    20 ||    70
       Vampiric Draining |       |       |       |     2 ||     2
Invok: Wall of Briars    |       |       |       |     2 ||     2
       Grow Ballistomyce |       |       |       |     2 ||     2
Evoke: Wand              |       |       |    14 |     6 ||    20
  Use: Scroll            |       |       |     4 |    11 ||    15
 Stab: Sleeping          |     4 |     1 |       |       ||     5
       Distracted        |     1 |     2 |     1 |       ||     4
       Paralysed         |       |       |     2 |    11 ||    13
Armor: Robe              |    27 |    21 |    54 |     1 ||   103
       Leather armour    |       |       |       |    11 ||    11
       Acid dragon scale |       |       |       |    34 ||    34
Dodge: Dodged            |    53 |    46 |   122 |    52 ||   273
Block: Kite shield       |       |       |       |    35 ||    35

Table legend: (Time is in decaauts)
 A = Elapsed time spent in this place.
 B = Non-inter-level travel time spent in this place.
 C = Inter-level travel time spent in this place.
 D = Time resting spent in this place.
 E = Time spent auto-exploring this place.
 F = Levels seen in this place.
 G = Mean time per level.
                   A        B        C        D        E       F      G
               +--------+--------+--------+--------+--------+-----+--------+
         Total |  15513 |  15106 |    407 |   5144 |   6075 |  12 | 1292.8 |
       Dungeon |  13967 |  13560 |    407 |   4457 |   5955 |  10 | 1396.7 |
       Ossuary |    276 |    276 |      0 |     71 |     53 |   1 |  276.0 |
        Bailey |   1268 |   1268 |      0 |    616 |     67 |   1 | 1268.0 |
               +--------+--------+--------+--------+--------+-----+--------+

Top non-repeatable levels by time:
     D:3: 2135 daAuts
     D:6: 1727 daAuts
     D:5: 1684 daAuts
     D:8: 1680 daAuts
     D:4: 1539 daAuts
     D:1: 1373 daAuts
  Bailey: 1268 daAuts
     D:9: 1210 daAuts
     D:7: 1199 daAuts
     D:2: 852 daAuts
    D:10: 565 daAuts
 Ossuary: 276 daAuts
